Map: Lightshade LE

Players

Aioros

  • Race: Protoss Protoss
  • League: Diamond

Subarashii - Winner!

  • Race: Protoss Protoss
  • League: Diamond

VOD

Have the link to the VOD?

Description

Time

  • Played on: May 2, 2021, 4:45 p.m.
  • Length: 8:20
Show
View Real Time Build Order
Export as new Build Order

Aioros Protoss 

Build Orders:  

Get SALT Encoding   

  12  0:00  Probe  
  13  0:13  Probe  
  14  0:24  Pylon  
  14  0:25  Probe  
  15  0:42  Probe  
  16  0:43  Forge  
  16  0:54  Probe  
  17  1:06  Probe  
  17  1:10  Pylon  
  18  1:16  Gateway  
  19  1:31  Photon Cannon  
  18  1:32  Photon Cannon  
  18  1:42  Pylon  
  18  1:45  Probe  
  19  1:50  Gateway  
  20  2:02  Photon Cannon  
  20  2:08  Photon Cannon  
  19  2:11  Probe  
  20  2:21  Photon Cannon  
  20  2:24  Pylon  
  20  2:28  Probe  
  21  2:30  Assimilator  
  21  2:41  Assimilator  
  21  2:55  Zealot (Chrono Boost), Probe  
  21  2:56  Cybernetics Core  
  24  3:09  Probe  
  25  3:15  Pylon  
  25  3:21  Probe  
  26  3:30  Stalker (Chrono Boost)  
  26  3:33  Probe  
  29  3:35  Shield Battery  
  29  3:37  Photon Cannon  
  29  3:40  Pylon  
  29  3:42  Pylon  
  29  3:48  Pylon  
  29  3:55  Stalker (Chrono Boost)  
  31  4:10  Pylon  
  31  4:16  Stalker (Chrono Boost)  
  31  4:32  Twilight Council  
  31  4:33  Warp Gate  
  30  4:41  Stalker  
  32  4:57  Gateway  
  32  4:59  Pylon  
  32  5:11  Stalker  
  32  5:12  Blink (Chrono Boost)  
  34  5:29  Gateway  
  34  5:32  Shield Battery  
  34  5:36  Shield Battery  
  34  5:41  Stalker  
  36  5:51  Stalker  
  38  6:19  Gateway  
  36  6:37  Stalker x3  
  34  7:01  Adept x3  
  40  7:13  Cybernetics Core  
  40  7:16  Pylon  
  36  7:43  Nexus  
  36  7:50  Stalker x2  
  36  7:51  Stalker  
Show
View Real Time Build Order
Export as new Build Order

Subarashii Protoss - Winner!

Build Orders:  

Get SALT Encoding   

  12  0:00  Probe  
  13  0:12  Probe  
  14  0:20  Pylon  
  14  0:24  Probe  
  15  0:38  Probe (Chrono Boost)  
  15  0:40  Gateway  
  16  0:48  Assimilator  
  17  0:50  Probe (Chrono Boost)  
  17  0:55  Probe (Chrono Boost)  
  18  0:59  Assimilator  
  18  1:05  Probe  
  19  1:14  Gateway  
  19  1:17  Probe  
  20  1:27  Forge  
  20  1:30  Cybernetics Core  
  20  1:36  Pylon  
  20  1:38  Probe  
  21  1:44  Pylon  
  21  1:50  Probe (Chrono Boost)  
  23  2:02  Probe (Chrono Boost)  
  23  2:03  Photon Cannon  
  23  2:13  Photon Cannon  
  23  2:16  Stargate  
  23  2:28  Pylon  
  23  2:35  Photon Cannon  
  23  2:51  Void Ray (Chrono Boost)  
  27  3:06  Probe  
  27  3:07  Gateway  
  28  3:18  Void Ray (Chrono Boost)  
  32  3:37  Gateway  
  32  4:06  Void Ray (Chrono Boost)  
  32  4:28  Nexus  
  32  4:30  Pylon  
  32  4:39  Void Ray  
  36  4:52  Pylon  
  36  5:14  Void Ray (Chrono Boost), Cybernetics Core  
  36  5:17  Pylon  
  40  5:42  Probe  
  41  5:43  Void Ray  
  41  5:46  Probe  
  46  5:52  Shield Battery  
  46  5:54  Shield Battery, Probe  
  46  5:56  Shield Battery  
  47  5:58  Probe  
  48  6:11  Shield Battery  
  48  6:18  Probe  
  49  6:19  Probe  
  49  6:20  Void Ray (Chrono Boost)  
  49  6:22  Assimilator  
  50  6:30  Probe  
  50  6:31  Probe  
  56  6:42  Probe  
  56  6:46  Shield Battery  
  57  6:49  Void Ray (Chrono Boost)  
  61  7:07  Probe x2  
  63  7:12  Stargate  
  63  7:15  Shield Battery, Void Ray (Chrono Boost)  
  67  7:31  Pylon  
  63  7:44  Probe  
  61  7:48  Assimilator  
  61  7:51  Forge  
  61  7:52  Pylon  
  61  7:54  Pylon  
  61  7:56  Probe  
  66  7:59  Shield Battery  
  66  8:00  Shield Battery  
Tags
 
Add a new tag
Caveats
  • Supply blocks, unpowered buildings, or Contaminate may cause inaccurate times.
  • Supply counts are checked every 10 seconds.